AoeStats
← Eddy237205

Arena

504171943Analyzed
4v4 RM · 1mo ago on Sep 4, 2026· 43m 45s· 8 players
Game mode
Random Map
Map size
Large (8 player)
Population
200
Speed
Normal
Resources
Standard
Victory
Conquest
Starting age
Dark Age
Ending age
Imperial Age
RankedLock teamsTeams togetherTeam positionsShared explorationLock speedFull tech treeHidden civsTurbo modeCheats
Victory
Defeat
🇺🇸 Teutons · United States
989
+15
🇲🇽 Vikings · Mexico
985
+15
🇫🇷 Franks · France
961
+17
🇵🇱 Poles · Poland
950
+17
🇲🇽 Saracens · Mexico
1225
-26
🇲🇽 Spanish · Mexico
1007
-51
🇨🇳 Mongols · China
893
-12
🇲🇽 Berbers · Mexico
770
-8
Mortare
9:48 Feudal Age
10:17 Double-Bit Axe
18:07 Castle Age
16:22 Stone Mining
16:34 Gold Mining
20:24 Bow Saw
23:23 Gold Shaft Mining
28:51 Wheelbarrow
29:03 Caravan
29:15 Forging
29:11 Scale Barding Armor
31:12 Iron Casting
31:01 Hand Cart
33:40 Imperial Age
33:33 Chain Barding Armor
34:49 Conscription
34:31 Chivalry
33:53 Cavalier
34:35 Husbandry
35:06 Husbandry
36:11 Blast Furnace
35:47 Plate Barding Armor
35:35 Paladin
37:40 #83
37:35 Elite Throwing Axeman
39:12 Padded Archer Armor
39:02 Fletching
39:13 Scale Mail Armor
41:42 Pikeman
42:23 Squires
42:08 Arson
42:42 Chain Mail Armor
43:38 Siege Engineers
giancarlo7
10:12 Feudal Age
11:29 Wheelbarrow
10:36 Horse Collar
10:46 Double-Bit Axe
17:43 Castle Age
16:19 Stone Mining
16:36 Scale Mail Armor
16:52 Gold Mining
17:28 Forging
17:53 Scale Barding Armor
19:07 Bow Saw
21:42 Hand Cart
22:50 Husbandry
28:08 Iron Casting
33:15 Imperial Age
31:50 Szlachta Privileges
32:51 Chain Barding Armor
32:48 Chain Mail Armor
34:39 Conscription
34:29 Cavalier
38:22 Plate Mail Armor
41:02 Blast Furnace
42:09 Fortified Wall
43:01 Chemistry
preCoss
11:29 Feudal Age
15:44 Castle Age
15:05 Double-Bit Axe
16:55 Bow Saw
17:45 Scale Mail Armor
18:44 Loom
21:14 Chain Mail Armor
22:36 Horse Collar
23:12 Man-at-Arms
24:32 Forging
23:59 Long Swordsman
25:09 Squires
24:54 Gambesons
24:55 Arson
25:09 Arson
25:09 Gambesons
26:11 Iron Casting
30:50 Imperial Age
29:04 Heavy Plow
33:53 Two-Man Saw
33:33 Crop Rotation
33:32 Fortified Wall
33:44 Gold Mining
39:28 Plate Mail Armor
39:40 Gold Shaft Mining
41:10 Blast Furnace
39:33 Pikeman
40:53 Fletching
42:07 Chemistry
41:28 Ballistics
41:04 Stone Mining
42:52 Bodkin Arrow
43:06 Treadmill Crane
43:06 Elite Skirmisher
kingjohnkk
4:24 Loom
11:24 Feudal Age
12:42 Wheelbarrow
11:56 Double-Bit Axe
13:05 Horse Collar
16:34 Stone Mining
24:09 Scale Mail Armor
24:40 Gold Mining
25:04 Forging
29:21 Castle Age
27:56 Town Watch
28:57 Padded Archer Armor
29:25 Fletching
29:23 Elite Skirmisher
30:20 Hand Cart
30:18 Bow Saw
30:33 Heavy Plow
31:31 Leather Archer Armor
32:39 Bodkin Arrow
32:55 Squires
34:48 Stone Shaft Mining
33:43 Pikeman
34:25 Town Watch
35:07 Arson
39:21 Chain Mail Armor
40:33 Fortified Wall
42:52 Forging
46:14 Imperial Age
Eddy237205
10:36 Feudal Age
11:38 Arson
14:43 Wheelbarrow
15:04 Double-Bit Axe
DarkOmega93
1:21 Loom
11:51 Feudal Age
16:33 Castle Age
18:53 Forging
31:23 Town Watch
32:21 Wheelbarrow
34:57 Double-Bit Axe
35:31 Hand Cart
35:11 Stone Mining
35:12 Gold Mining
36:01 Horse Collar
36:58 Iron Casting
36:29 Scale Barding Armor
36:18 Fletching
36:43 Bow Saw
41:06 Imperial Age
39:38 Heavy Plow
40:00 Husbandry
40:12 Bloodlines
40:25 Chain Barding Armor
40:01 Bodkin Arrow
40:07 Scale Mail Armor
41:06 Kasbah
41:21 Cavalier
43:17 Plate Barding Armor
43:42 Blast Furnace
42:58 Chain Mail Armor
PROFE SIN CLAN
10:44 Feudal Age
11:58 Horse Collar
12:35 Loom
15:41 Castle Age
13:58 Horse Collar
14:25 Double-Bit Axe
22:40 Wheelbarrow
23:49 Bow Saw
23:56 Stone Mining
27:26 Scale Barding Armor
27:33 Forging
27:59 Fletching
35:03 Imperial Age
33:55 Scale Barding Armor
34:46 Bloodlines
34:36 Husbandry
35:24 Chain Barding Armor
35:15 Heavy Camel Rider
37:52 Plate Barding Armor
38:55 Iron Casting
39:06 Iron Casting
38:33 Gold Mining
39:08 Crossbowman
41:51 Blast Furnace
40:49 Bodkin Arrow
43:15 Two-Man Saw
43:18 Conscription
44:04 Bracer
把人生埋在四季
10:43 Feudal Age
12:19 Loom
15:05 Castle Age
13:39 Double-Bit Axe
14:11 Horse Collar
19:42 Heavy Plow
24:16 Fletching
24:26 Padded Archer Armor
26:55 Scale Barding Armor
Connection lost

Rejoining the realm…

Still unreachable

The connection could not be restored.

Session expired

The server has moved on; the page needs a fresh start.